 Dungeon Crawl Stone Soup version 0.25.1-2-g60ff931df9 (webtiles) character file.

Game seed: 4154074489364201253

10908 Fallenstar the Cleaver (level 11, -3/124 HPs)
             Began as a Demonspawn Fighter on Sept 8, 2020.
             Was a High Priest of Okawaru.
             Slain by a spectral death yak (6 damage)
             ... in a Gauntlet.
             The game lasted 00:43:25 (10620 turns).

Fallenstar the Cleaver (Demonspawn Fighter)        Turns: 10620, Time: 00:43:27

Health: -3/124     AC: 22    Str: 20      XL:     11   Next: 42%
Magic:  11/11      EV:  6    Int:  8 (9)  God:    Okawaru [*****.]
Gold:   521        SH:  5    Dex: 18 (19) Spells: 10/10 levels left

rFire    + . .     SeeInvis +   A - +8 frozen axe "Frostbite" {freezing cloud, *Noise +Fly rC+}
rCold    + + .     Gourm    .   (shield currently unavailable)
rNeg     . . .     Faith    .   k - +0 plate armour
rPois    .         Spirit   .   n - +1 hat {SInv}
rElec    .         Reflect  +   v - +0 cloak
rCorr    .         Harm     .   q - +0 pair of gloves
MR       +....     NoTele   +   x - +1 pair of boots of Wuloh {rC+}
Stlth    ..........             D - amulet of reflection
HPRegen  0.30/turn              o - +4 ring of slaying
MPRegen  0.12/turn              m - +6 ring of dexterity

@: mighty, berserking, flying, very slightly contaminated, slowed, invisible
A: horns 1, molten scales 2, deterioration 1, fire resistance 1, magic
resistance 1, wild magic 1, evolution 1, flame cloud immunity
a: Heroism, Finesse, Renounce Religion


You were in a Gauntlet.
You worshipped Okawaru.
Okawaru was extremely pleased with you.
You were hungry.

You visited 1 branch of the dungeon, and saw 11 of its levels.
You also visited: Gauntlet.

You collected 521 gold pieces.

Inventory:

Hand Weapons
 z - the +11 mace "Vuiroik" {drain, +Blink MR- Str+4}
   (You found it on level 6 of the Dungeon)

   A truly terrible weapon, it drains the life of those it strikes.
   It affects your strength (+4).
   It affects your resistance to hostile enchantments.
   It lets you blink.
 A - the +8 frozen axe "Frostbite" (weapon) {freezing cloud, *Noise +Fly rC+}
   (You found it on level 7 of the Dungeon)

   It has been specially enchanted to freeze those struck by it, causing extra
   injury to most foes and up to half again as much damage against particularly
   susceptible opponents.
   It can also slow down cold-blooded creatures.
   It protects you from cold.
   It lets you fly.
   It may make noises in combat.
Armour
 c - a +0 kite shield
 d - the +1 ring mail of the Villain {-Cast MR++ MP+9}
   (You found it on level 5 of the Dungeon)

   It affects your resistance to hostile enchantments.
   It affects your magic capacity (+9).
   It prevents spellcasting.
 k - a +0 plate armour (worn)
 n - a +1 hat of see invisible (worn)
 q - a +0 pair of gloves (worn)
 v - a +0 cloak (worn)
 x - the +1 pair of boots of Wuloh (worn) {rC+}
   (Okawaru gifted it to you on level 10 of the Dungeon)

   It protects you from cold.
Jewellery
 a - an uncursed ring of poison resistance {unknown}
 i - an uncursed ring of protection from magic
 l - a cursed ring of teleportation
 m - a +6 ring of dexterity (right hand)
 o - a +4 ring of slaying (left hand)
 p - an uncursed amulet of faith
 r - a +6 ring of dexterity
 u - an uncursed amulet of the acrobat
 w - an uncursed ring of ice
 D - an amulet of reflection (around neck)
Scrolls
 b - a scroll of fear {unknown}
 e - 6 scrolls of amnesia
 g - 6 scrolls of teleportation
 j - 4 scrolls of remove curse
 t - a scroll of magic mapping
Potions
 s - a potion of ambrosia {unknown}
 E - a potion of stabbing
 G - a potion of flight
 H - a potion of might
Comestibles
 f - 8 rations


   Skills:
 + Level 6.4 Fighting
 * Level 9.7(10.9) Axes
 - Level 8.4(10.3) Maces & Flails
 * Level 7.6 Armour
 + Level 7.0 Shields
 + Level 0.3 Invocations


You had 10 spell levels left.
You didn't know any spells.
Your spell library contained the following spells:

 Spells                   Type           Power        Failure   Level  Hunger
 Animate Skeleton         Necr           N/A          100%        1    ##.....
 Beastly Appendage        Tmut           #.....       100%        1    ##.....
 Pain                     Necr           #...         100%        1    ##.....
 Summon Butterflies       Summ           #.......     100%        1    ##.....
 Sticks to Snakes         Tmut           #.......     100%        2    ###....
 Portal Projectile        Hex/Tloc       #.....       100%        3    ####...
 Spider Form              Tmut/Pois      #.........   100%        3    ####...
 Vampiric Draining        Necr           #.........   100%        3    ####...
 Animate Dead             Necr           N/A          100%        4    #####..
 Ice Form                 Ice/Tmut       #.......     100%        4    #####..
 Summon Lightning Spire   Summ/Air       #.......     100%        4    #####..
 Agony                    Necr           #.......     100%        5    ######.
 Blade Hands              Tmut           #.........   100%        5    ######.
 Metabolic Englaciation   Hex/Ice        #.........   100%        5    ######.
 Summon Mana Viper        Hex/Summ       #.......     100%        5    ######.
 Freezing Cloud           Conj/Ice/Air   #.........   100%        6    #######
 Ozocubu's Refrigeration  Ice            #.........   100%        6    #######
 Simulacrum               Ice/Necr       #.........   100%        6    #######
 Spellforged Servitor     Conj/Summ      #.........   100%        7    #######


Dungeon Overview and Level Annotations

Branches:
Dungeon (11/15)            Temple (0/1) D:7            Lair (0/6) D:9
Gauntlet (1/1)
    Orc: D:9-12

Altars:
Cheibriados
Elyvilon
Hepliaklqana
Kikubaaqudgha
Okawaru
Qazlal
Ru
Xom
Zin

Annotations:
Gauntlet 11 transporters, exclusion: obsidian statue


Innate Abilities, Weirdness & Mutations

You have a pair of small horns on your head.
You are mostly covered in molten scales. (AC +3)
Your flesh is heat resistant. (rF+)
You are immune to clouds of flame.
Your body sometimes deteriorates upon taking damage.
You are resistant to hostile enchantments. (MR+)
Your spells are a little harder to cast, but a little more powerful.
You evolve.


Message History

* * * LOW HITPOINT WARNING * * *
The spectral black mamba bites you!
* * * LOW HITPOINT WARNING * * *
The spectral death yak enters a dispersal trap!
The spectral black mamba blinks!
The spectral seven-headed hydra blinks!
You blink.
The spectral death yak blinks!
You block the spectral death yak's attack.
A magic seal in the Gauntlet prevents long-range teleports.
A red film seems to cover your vision as you go berserk!
You feel yourself moving faster!
You feel mighty!
The spectral seven-headed hydra enters a dispersal trap!
The death scarab blinks!
The spectral seven-headed hydra blinks!
The spectral death yak gores you but does no damage.
You slice the spectral death yak!! You freeze the spectral death yak.
The spectral death yak is almost destroyed.
The spectral black mamba bites you but does no damage.
The spectral death yak gores you but does no damage.
The spectral black mamba bites you but does no damage.
The spectral death yak gores you.
You die...

#..##.##.##.P#...#...
###..###..#.##P#...#...
#8#..#..#.##..##...#...
###..###########...####
#.....#.©.#....≈.....
###...8.#...#...§8≈....
#8#.....#.©.#....≈.....
###..###########...####
#..#@Z|?©[$..#...#xXx
###..#sZ.....^.#...#...
#8#..#.#######.#...#...
###..#.#§#.#.#.#...#.#.
#..#Z...©....#...#.##
###..##.#§#.#.##...#x#.
#8#..#.#######.#...#x..
###..#.........#.∩.#Xx.
#..#.........#...#Xx.


You could see a spectral black mamba, a spectral seven-headed hydra, a spectral
death yak and a death scarab.

Vanquished Creatures
  Gastronok (D:10)
  Josephine (D:10)
  Erica (D:9)
  A death scarab (Gauntlet)
  An elephant (D:9)
  2 hippogriffs
  A spectral black mamba (Gauntlet)
  A wyvern (D:5)
  5 wraiths (D:10)
  11 yaks
  A steam dragon (D:10)
  5 orc warriors
  3 sky beasts
  A black bear (D:10)
  An ice beast (D:5)
  A phantom (D:7)
  3 ogres
  3 centaurs
  2 crocodiles (D:9)
  A wyvern zombie (D:11)
  5 bullfrogs
  3 scorpions
  8 wights
  A howler monkey (D:5)
  5 crimson imps
  2 bullfrog zombies
  2 jellies
  2 centaur zombies
  A hound (D:9)
  3 orc wizards
  A centaur skeleton (D:10)
  2 orc priests
  Crazy Yiuf (D:6)
  5 iguanas
  Natasha (thrice) (D:2)
  4 worker ants
  Terence (D:2)
  A hound zombie (D:8)
  A hound skeleton (D:6)
  Robin (D:2)
  7 gnolls
  13 adders
  2 shadow imps
  2 adder zombies
  3 oozes
  An adder skeleton (D:8)
  5 worms (D:2)
  4 dart slugs
  4 leopard geckos
  37 orcs
  6 giant cockroaches
  15 goblins
  13 hobgoblins
  A jackal (D:4)
  6 kobolds
  4 quokkas
  4 ball pythons
  A ball python skeleton (D:6)
  8 bats
  6 frilled lizards
  A jackal skeleton (D:5)
  A leopard gecko skeleton (D:7)
  2 quokka skeletons
  A quokka zombie (D:7)
  13 rats
258 creatures vanquished.

Notes
Turn   | Place    | Note
-------+----------+-------------------------------------------
     0 | D:1      | Fallenstar the Demonspawn Fighter began the quest for the
                  | Orb.
     0 | D:1      | Reached XP level 1. HP: 18/18 MP: 1/1
   359 | D:1      | Gained mutation: You are partially covered in molten
                  | scales. (AC +2) [demonic ancestry]
   359 | D:1      | Reached XP level 2. HP: 24/24 MP: 2/2
   416 | D:1      | Reached skill level 2 in Axes
   788 | D:1      | Gained mutation: Your flesh is heat resistant. (rF+)
                  | [demonic ancestry]
   788 | D:1      | Reached XP level 3. HP: 29/29 MP: 3/3
  1143 | D:2      | Noticed Terence
  1143 | D:2      | Noticed Natasha
  1148 | D:2      | Killed Natasha
  1148 | D:2      | Reached XP level 4. HP: 19/35 MP: 4/4
  1151 | D:2      | HP: 1/35 [Terence/+1 falchion of electrocution (19)]
  1152 | D:2      | Gained mutation: You occasionally shout uncontrollably at
                  | your foes. [potion of mutation]
  1152 | D:2      | Gained mutation: Your flesh is very heat resistant. (rF++)
                  | [potion of mutation]
  1152 | D:2      | Gained mutation: You evolve. [potion of mutation]
  1160 | D:2      | Killed Terence
  1160 | D:2      | Reached skill level 3 in Axes
  1407 | D:2      | Lost mutation: You occasionally shout uncontrollably at
                  | your foes. [potion of mutation]
  1407 | D:2      | Lost mutation: Your flesh is very heat resistant. (rF++)
                  | [potion of mutation]
  1407 | D:2      | Gained mutation: Your mind is acute. (Int +2) [potion of
                  | mutation]
  1407 | D:2      | Gained mutation: You have a pair of small horns on your
                  | head. [potion of mutation]
  1407 | D:2      | Gained mutation: You are resistant to hostile enchantments.
                  | (MR+) [potion of mutation]
  1407 | D:2      | Gained mutation: Your spells are a little harder to cast,
                  | but a little more powerful. [potion of mutation]
  1680 | D:2      | Found a white marble altar of Elyvilon.
  2273 | D:2      | Mutation became permanent: You have a pair of small horns
                  | on your head. [demonic ancestry]
  2273 | D:2      | Gained mutation: You have a pair of small horns on your
                  | head. [demonic ancestry]
  2273 | D:2      | Reached XP level 5. HP: 33/41 MP: 5/5
  2335 | D:2      | Noticed Robin
  2336 | D:2      | Noticed Natasha
  2346 | D:2      | Killed Robin
  2349 | D:2      | Killed Natasha
  2575 | D:2      | Noticed Natasha
  2585 | D:2      | Killed Natasha
  2829 | D:3      | Reached skill level 4 in Axes
  3135 | D:3      | Gained mutation: You are immune to clouds of flame.
                  | [demonic ancestry]
  3135 | D:3      | Reached XP level 6. HP: 39/47 MP: 6/6
  3834 | D:4      | Lost mutation: Your mind is acute. (Int +2) [evolution]
  3927 | D:4      | Found a shimmering altar of Xom.
  3928 | D:4      | Found a shimmering altar of Xom.
  3960 | D:4      | Found a shimmering altar of Xom.
  4094 | D:4      | Reached skill level 5 in Axes
  4537 | D:5      | Entered Level 5 of the Dungeon
  4540 | D:5      | Got a pitted ring mail
  4541 | D:5      | Identified the +1 ring mail of the Villain {-Cast MR++
                  | MP+9} (You found it on level 5 of the Dungeon)
  4578 | D:5      | Reached XP level 7. HP: 52/53 MP: 7/7
  4800 | D:5      | Noticed a wyvern
  5168 | D:5      | Killed a wyvern
  5168 | D:5      | Reached skill level 6 in Axes
  5200 | D:5      | Found an ancient bone altar of Kikubaaqudgha.
  5205 | D:5      | Found a glowing silver altar of Zin.
  5208 | D:5      | Found an iron altar of Okawaru.
  5234 | D:5      | Reached XP level 8. HP: 54/60 MP: 8/8
  5315 | D:5      | Reached skill level 5 in Shields
  5660 | D:6      | Reached skill level 7 in Axes
  5848 | D:6      | Found a sacrificial altar of Ru.
  5921 | D:6      | Reached skill level 1 in Maces & Flails
  6084 | D:6      | Identified Seuzoero's Disquisition on Creative Execration
  6258 | D:6      | Found a runed translucent door.
  6264 | D:6      | Noticed Crazy Yiuf
  6270 | D:6      | Killed Crazy Yiuf
  6274 | D:6      | Gained mutation: Your body sometimes deteriorates upon
                  | taking damage. [evolution]
  6277 | D:6      | Got a fine mace
  6278 | D:6      | Identified the +11 mace "Vuiroik" {drain, +Blink MR- Str+4}
                  | (You found it on level 6 of the Dungeon)
  6596 | D:5      | Became a worshipper of Warmaster Okawaru
  6631 | D:7      | Found the +8 frozen axe "Frostbite" {freezing cloud, *Noise
                  | +Fly rC+}
  6830 | D:7      | Reached XP level 9. HP: 67/67 MP: 9/9
  6983 | D:7      | Found a stormy altar of Qazlal.
  7037 | D:7      | Reached * piety under Okawaru
  7160 | D:7      | Reached skill level 5 in Maces & Flails
  7210 | D:7      | Found a staircase to the Ecumenical Temple.
  7244 | D:7      | Reached skill level 5 in Fighting
  7244 | D:7      | Reached skill level 5 in Armour
  8360 | D:9      | Noticed Erica
  8374 | D:9      | Killed Erica
  8562 | D:9      | Reached ** piety under Okawaru
  8562 | D:9      | Reached XP level 10. HP: 73/74 MP: 10/10
  8574 | D:9      | Noticed an elephant
  8585 | D:9      | Killed an elephant
  8625 | D:9      | Found a staircase to the Lair.
  9006 | D:9      | Found a snail-covered altar of Cheibriados.
  9199 | D:10     | Entered Level 10 of the Dungeon
  9338 | D:10     | Reached *** piety under Okawaru
  9504 | D:10     | Noticed Gastronok
  9514 | D:10     | Killed Gastronok
  9514 | D:10     | Reached **** piety under Okawaru
  9514 | D:10     | Reached skill level 8 in Axes
  9780 | D:10     | Reached ***** piety under Okawaru
  9888 | D:10     | Noticed Josephine
  9889 | D:10     | Gained mutation: You are mostly covered in molten scales.
                  | (AC +3) [demonic ancestry]
  9889 | D:10     | Reached XP level 11. HP: 81/81 MP: 11/11
  9898 | D:10     | Killed Josephine
  9908 | D:10     | Received a gift from Okawaru
  9909 | D:10     | Got a pair of faintly glowing boots {god gift}
  9950 | D:10     | Identified the +1 pair of boots of Wuloh {rC+} (Okawaru
                  | gifted it to you on level 10 of the Dungeon)
 10059 | D:10     | Reached skill level 9 in Axes
 10174 | D:11     | Found a hazy altar of Hepliaklqana.
 10404 | D:11     | Found a gate leading to a gauntlet.
 10409 | Gauntlet | Entered a Gauntlet
 10409 | Gauntlet | Found a transporter.
 10409 | Gauntlet | Found a transporter.
 10409 | Gauntlet | Found a transporter.
 10409 | Gauntlet | Noticed a death scarab
 10409 | Gauntlet | Noticed a large abomination
 10410 | Gauntlet | Found a transporter.
 10413 | Gauntlet | Found a transporter.
 10424 | Gauntlet | Found a transporter.
 10445 | Gauntlet | Found a transporter.
 10466 | Gauntlet | Found a transporter.
 10483 | Gauntlet | Found a transporter.
 10491 | Gauntlet | Found a transporter.
 10509 | Gauntlet | Found a transporter.
 10546 | Gauntlet | Noticed a death scarab
 10560 | Gauntlet | Noticed an obsidian statue
 10561 | Gauntlet | Found a transporter.
 10606 | Gauntlet | Killed a death scarab
 10618 | Gauntlet | HP: 1/83 [spectral black mamba (8)]
 10620 | Gauntlet | Slain by a spectral death yak

Illustrated notes

Levels and vault maps discovered:
D:1:      dpeg_arrival_renting, layout_basic
D:2:      layout_basic, first_ration, elyvilon_altar_3, uniq_terence,
          uniq_natasha, uniq_robin
D:3:      layout_loops_ring, minmay_misc_feat_doors
D:4:      minmay_angry_zag, layout_loops_corners, xom_redecorated
D:5:      layout_loops_ring, nicolae_overflow_hidden_temple
D:6:      layout_basic, nicolae_ru_sacrificial_ziggurat, uniq_crazy_yiuf_cottage
D:7:      layout_loops_ring, lemuel_doored_altar, minmay_temple_entry_junction_2
D:8:      layout_basic
D:9:      layout_loops_ring, david_lair_generic, basic_altar, special_room
          [special_room_orc], uniq_erica
D:10:     layout_roguey, uniq_josephine, uniq_gastronok
D:11:     layout_cave_pools, gauntlet_entry_generic, serial_shops,
          nicolae_shop_statue_plus, basic_altar, hangedman_pestilent_swarm
Gauntlet: gammafunk_gauntlet_shortcut [gammafunk_gauntlet_arena_teeth,
          gammafunk_gauntlet_arena_mazey, nicolae_gauntlet_arena_t_cross,
          gammafunk_gauntlet_arena_hedges, nicolae_gauntlet_arena_blocks,
          gammafunk_gauntlet_arena_open, gauntlet_exit_hidden_loot]

Skill      XL: |  1  2  3  4  5  6  7  8  9 10 11 |
---------------+----------------------------------+-----
Shields        | 3 4 5 6 7 |  7.0
Axes           | 2 3 4 5 6 7 8 9 |  9.7
Armour         | 3 4 5 7 |  7.6
Fighting       | 4 5 6 |  6.4
Maces & Flails | 3 7 8 |  8.4
Invocations    | |  0.3

Action                   |  1- 3 |  4- 6 |  7- 9 | 10-12 || total
-------------------------+-------+-------+-------+-------++-------
Melee: War axe           |   103 |   210 |    77 |       ||   390
       Headbutt          |       |    33 |    45 |    28 ||   106
       Morningstar       |       |       |    33 |       ||    33
       Mace              |       |       |   101 |    39 ||   140
       Executioner's axe |       |       |       |    77 ||    77
Invok: Heroism           |       |       |     1 |     1 ||     2
  Use: Scroll            |     5 |     6 |    10 |     3 ||    24
       Potion            |     1 |     8 |     8 |     5 ||    22
 Stab: Distracted        |       |     1 |       |       ||     1
  Eat: Chunk             |     1 |     7 |     4 |     2 ||    14
       Ration            |       |     1 |     3 |     1 ||     5
Armor: Scale mail        |    67 |    71 |    19 |       ||   157
       Ring mail         |       |       |    32 |       ||    32
       Plate armour      |       |       |     6 |    67 ||    73
Dodge: Dodged            |    26 |    52 |    46 |    22 ||   146
Block: Kite shield       |    48 |   108 |    98 |    21 ||   275
       Other             |       |       |       |    29 ||    29
       Reflection        |       |       |       |     4 ||     4
